 Dungeon Crawl Stone Soup version 0.20.0 (webtiles) character file.

27460 azrac the Quickloader (level 13, 0/104 HPs)
             Began as a Formicid Hunter on June 4, 2017.
             Was a High Priest of Dithmenos.
             Slain by Rupert
             ... wielding a +6 executioner's axe of freezing
              (14 damage)
             ... on level 4 of the Lair of Beasts.
             The game lasted 00:36:47 (19005 turns).

azrac the Quickloader (Formicid Hunter)            Turns: 19005, Time: 00:36:48

Health: 0/104      AC: 26    Str: 26    XL:     13   Next: 65%
Magic:  0/20       EV: 10    Int: 12    God:    Dithmenos [*****.]
Gold:   412        SH: 12    Dex: 11    Spells: 12/12 levels left

rFire    + . .     SeeInvis +   b - +3 battleaxe (freeze)
rCold    . . .     Gourm    .   x - +0 shield
rNeg     . . .     Faith    .   q - +5 chain mail "Feicoag" {rF+}
rPois    .         Spirit   +   (helmet unavailable)
rElec    .         Reflect  .   r - +0 cloak
rCorr    .         Harm     .   d - +0 pair of gloves
MR       ++...                  D - +1 pair of boots {run}
Stlth    ..........             C - amulet of guardian spirit
Regen    0.3/turn               l - +5 ring of protection
MPRegen  0.2/turn               k - ring of protection from magic

@: mighty, wreathed by umbra, quick
A: permanent stasis, dig shafts and tunnels, four strong arms, antennae 3,
screaming 1, wild magic 2
a: Dig, Shaft Self, Shadow Step, Shadow Form, Renounce Religion


You were on level 4 of the Lair of Beasts.
You worshipped Dithmenos.
Dithmenos was extremely pleased with you.
You were not hungry.

You visited 3 branches of the dungeon, and saw 17 of its levels.

You collected 678 gold pieces.
You spent 266 gold pieces at shops.

Inventory:

Hand Weapons
 a - a +2 hand crossbow
 b - a +3 battleaxe of freezing (weapon)
 c - a +0 spear of venom
Missiles
 u - 44 bolts
Armour
 d - a +0 pair of gloves (worn)
 q - the +5 chain mail "Feicoag" (worn) {rF+}
   (You bought it in a shop on level 7 of the Dungeon)

   It protects you from fire.
 r - a +0 cloak (worn)
 x - a +0 shield (worn)
 D - a +1 pair of boots of running (worn)
Jewellery
 k - a ring of protection from magic (right hand)
 l - a +5 ring of protection (left hand)
 C - an amulet of guardian spirit (around neck)
Wands
 g - a wand of confusion (26/48)
 B - a wand of iceblast (8/15)
 E - a wand of paralysis (17/24)
 J - a wand of digging (10/24)
Scrolls
 e - 2 scrolls of enchant weapon
 n - 2 scrolls of identify
 p - a scroll of holy word
 s - 2 scrolls of recharging
 t - 4 scrolls of remove curse
 y - 2 scrolls of fog
 F - 2 scrolls of enchant armour
 I - 2 scrolls of amnesia
 M - a scroll of magic mapping
Potions
 m - a potion of might
 o - 3 potions of curing
 v - 5 potions of heal wounds
 w - a potion of brilliance
 z - 2 potions of lignification
 A - 2 potions of invisibility
Books
 h - a book of Necromancy

   Spells                             Type                      Level
   a - Pain                           Necromancy                   1
   b - Animate Skeleton               Necromancy                   1
   c - Vampiric Draining              Necromancy                   3
   d - Regeneration                   Charms/Necromancy            3
   e - Animate Dead                   Necromancy                   4
   f - Control Undead                 Necromancy                   4
 H - a Young Poisoner's Handbook

   Spells                             Type                      Level
   a - Sting                          Conjuration/Poison           1
   b - Poisonous Vapours              Poison/Air                   2
   c - Mephitic Cloud                 Conjuration/Poison/Air       3
   d - Olgreb's Toxic Radiance        Poison                       4
   e - Venom Bolt                     Conjuration/Poison           5
Comestibles
 f - 12 bread rations
 i - 6 meat rations
 j - 3 royal jellies
 G - 5 chunks of flesh
 N - a fruit


   Skills:
 + Level 10.3 Fighting
 * Level 13.0 Crossbows
 + Level 9.7 Armour
 - Level 3.0 Dodging
 - Level 5.0 Stealth
 + Level 10.5 Shields
 + Level 10.2 Invocations


You had 12 spell levels left.
You didn't know any spells.

Dungeon Overview and Level Annotations

Branches:
Dungeon (12/15)            Temple (1/1) D:4            Lair (4/6) D:11
 Spider (0/4) Lair:2          Orc (0/2) D:11
  Swamp: Lair:2-4    Shoals: Lair:2-4

Altars:
Ashenzari
Cheibriados
Dithmenos
Elyvilon
Fedhas
Gozag
Hepliaklqana
Kikubaaqudgha
Makhleb
Nemelex Xobeh
Okawaru
Qazlal
Ru
Sif Muna
Trog
Uskayaw
Vehumet
Xom
Yredelemnul
Zin
The Shining One

Shops:
D:7 [   D:8 *?

Annotations:
Lair:4 Rupert


Innate Abilities, Weirdness & Mutations

You cannot be hasted, slowed, berserked, paralysed or teleported.
You can dig through walls and to a lower floor.
Your four strong arms can wield two-handed weapons with a shield.
You have a pair of large antennae on your head. (SInv)
You occasionally shout uncontrollably at your foes.
Your spells are harder to cast, but more powerful.


Message History

Your shadow hits Rupert but does no damage.
Rupert hits you with an executioner's axe of freezing.
Rupert freezes you. You block Rupert's attack.
You slice Rupert!! You freeze Rupert!
Rupert is severely wounded.
You block Rupert's attack.
Rupert hits you with an executioner's axe of freezing!
Rupert freezes you.
You slice Rupert!! You freeze Rupert!
Rupert is almost dead.
Rupert barely misses you. You block Rupert's attack.
Your chain mail "Feicoag" prevents you from hitting Rupert.
Rupert is almost dead.
Your shadow closely misses Rupert.
Rupert hits you but does no damage.
You slash Rupert! You freeze Rupert.
Rupert is almost dead.
Rupert hits you with an executioner's axe of freezing!!!
* * * LOW HITPOINT WARNING * * *
Rupert freezes you!!
You die...

### ### ######..#
#.###....@# ######
## #...#..#.@#
#..#.# . #
##....####.## #....
.# ###
##...#####...#
##.(# .#
..####.####..##..P#
##..## ..# ......##
#......###
#...P##..# ......#
##.P#.###
###....P..P#
##...## #...###
#.@#.#....##
##....# ##..#
##..###.....#


You could see Rupert (berserk).

Vanquished Creatures
  A hydra (Lair:1)
  5 two-headed ogres
  The ghost of azrac the Bolt Thrower, a novice FoHu of Dithmenos (D:6)
  An oklob plant (Lair:3)
  A cyclops (D:11)
  An elephant (D:11)
  A black mamba (Lair:3)
  2 centaur zombies
  Psyche (D:9)
  8 spiny frogs
  A gargoyle (D:11)
  4 komodo dragons
  2 trolls
  2 hornets
  7 hippogriffs
  4 slime creatures (D:12)
  8 blink frogs
  4 redbacks (Lair:2)
  A wraith (D:11)
  A vampire (D:10)
  3 wyverns
  33 yaks
  A steam dragon (D:10)
  2 basilisks
  2 hungry ghosts
  4 porcupines
  5 water moccasins
  5 ice beasts
  2 black bears
  A phantom (D:8)
  5 ogres
  12 crocodiles
  The ghost of Guenter the Skirmisher, an amateur VSWn (D:3)
  16 bullfrogs
  A gnoll sergeant (D:9)
  A water moccasin zombie (D:7)
  2 scorpions
  11 killer bees
  3 wights (D:7)
  An electric eel (Lair:4)
  A howler monkey (D:5)
  3 crimson imps
  A bullfrog zombie (D:7)
  7 orc priests
  4 hounds
  A jelly (D:6)
  Crazy Yiuf (D:2)
  4 iguanas
  14 orc wizards
  5 worker ants
  A killer bee zombie (D:8)
  A hound zombie (D:8)
  4 hound skeletons
  8 gnolls
  3 worker ant zombies
  13 adders
  3 shadow imps
  2 oozes
  A worm (D:3)
  7 leopard geckos
  45 orcs
  6 giant cockroaches
  8 goblins
  8 hobgoblins
  12 jackals
  6 kobolds
  2 quokkas
  9 bats
  3 frilled lizards
  A giant cockroach zombie (D:6)
  A jackal zombie (D:7)
  A quokka zombie (D:5)
  7 rats
  A fungus (Lair:2)
361 creatures vanquished.

Vanquished Creatures (others)
  A human (D:2)
  An iguana (D:11)
  2 fungi (Lair:4)
4 creatures vanquished.

Grand Total: 365 creatures vanquished

Notes
Turn   | Place    | Note
-------+----------+-------------------------------------------
     0 | D:1      | azrac the Formicid Hunter began the quest for the Orb.
     0 | D:1      | Reached XP level 1. HP: 16/16 MP: 1/1
   485 | D:1      | Reached XP level 2. HP: 22/22 MP: 2/2
   954 | D:1      | Reached skill level 1 in Armour
   954 | D:1      | Reached XP level 3. HP: 17/28 MP: 3/3
  1401 | D:2      | Found a runed door.
  1726 | D:2      | Found an ancient bone altar of Kikubaaqudgha.
  1727 | D:2      | Noticed a human
  1730 | D:2      | Killed a human
  1785 | D:2      | Reached XP level 4. HP: 30/34 MP: 4/4
  1939 | D:2      | Found a hazy altar of Hepliaklqana.
  1940 | D:2      | Found a shattered altar of Ashenzari.
  2328 | D:2      | Noticed Crazy Yiuf
  2330 | D:2      | Killed Crazy Yiuf
  2460 | D:2      | Reached XP level 5. HP: 40/40 MP: 5/5
  2582 | D:3      | Noticed Guenter's ghost (amateur VSWn)
  2600 | D:3      | Killed Guenter's ghost
  2600 | D:3      | Reached skill level 5 in Crossbows
  2640 | D:3      | Reached XP level 6. HP: 38/47 MP: 6/6
  3084 | D:4      | Found a snail-covered altar of Cheibriados.
  3661 | D:4      | Found a staircase to the Ecumenical Temple.
  3736 | Temple   | Entered the Ecumenical Temple
  3807 | Temple   | Became a worshipper of Dithmenos the Shadowed
  4017 | D:4      | Noticed an ogre
  4023 | D:4      | Killed an ogre
  4023 | D:4      | Reached XP level 7. HP: 32/53 MP: 7/7
  4354 | D:5      | Entered Level 5 of the Dungeon
  4600 | D:5      | Reached skill level 1 in Invocations
  4756 | D:5      | Reached skill level 1 in Shields
  4845 | D:5      | Reached skill level 6 in Crossbows
  4889 | D:5      | Reached XP level 8. HP: 59/61 MP: 9/9
  5616 | D:5      | Reached * piety under Dithmenos
  5772 | D:5      | Reached skill level 5 in Stealth
  5979 | D:6      | Found a shimmering altar of Xom.
  6160 | D:6      | Reached skill level 5 in Fighting
  6276 | D:6      | Identified a +0 pair of boots of running (You found it on level 6 of the Dungeon)
  6471 | D:6      | Reached skill level 7 in Crossbows
  6539 | D:6      | Reached XP level 9. HP: 51/68 MP: 11/11
  6697 | D:6      | Noticed azrac's ghost (novice FoHu)
  6716 | D:6      | Killed azrac's ghost
  7073 | D:7      | Noticed a hippogriff
  7087 | D:7      | Killed a hippogriff
  7087 | D:7      | Reached ** piety under Dithmenos
  7087 | D:7      | Reached skill level 5 in Armour
  7159 | D:7      | Noticed a hippogriff
  7185 | D:7      | Killed a hippogriff
  7185 | D:7      | Reached skill level 8 in Crossbows
  7754 | D:7      | Noticed a hippogriff
  7784 | D:7      | Killed a hippogriff
  7784 | D:7      | Reached skill level 5 in Shields
  7784 | D:7      | Reached XP level 10. HP: 57/77 MP: 8/13
  7893 | D:7      | Reached skill level 5 in Invocations
  8030 | D:7      | Found Jusm's Antique Armour Shoppe.
  8144 | D:7      | Bought a fine chain mail for 266 gold pieces
  8144 | D:7      | Identified the +5 chain mail "Feicoag" {rF+} (You bought it in a shop on level 7 of the Dungeon)
  8613 | D:8      | Reached skill level 9 in Crossbows
  8692 | D:8      | Noticed a two-headed ogre
  8712 | D:8      | Killed a two-headed ogre
  8812 | D:8      | Found Runlaedd's General Store.
  8902 | D:8      | Noticed a two-headed ogre
  8987 | D:8      | Killed a two-headed ogre
  9386 | D:8      | Found a blossoming altar of Fedhas.
  9558 | D:8      | Found Igosem's Magic Scroll Shop.
  9943 | D:8      | Reached *** piety under Dithmenos
 10028 | D:9      | Reached XP level 11. HP: 77/84 MP: 15/15
 10180 | D:9      | Got a steaming ring mail
 10191 | D:9      | Identified the +1 ring mail of Uveugy {+Inv Dex+3} (You found it on level 9 of the Dungeon)
 10666 | D:9      | Reached skill level 10 in Crossbows
 10858 | D:9      | Noticed Psyche
 10862 | D:9      | Killed Psyche
 10944 | D:9      | Noticed a two-headed ogre
 11194 | D:9      | Noticed a two-headed ogre
 11209 | D:9      | Killed a two-headed ogre
 11537 | D:8      | Killed a two-headed ogre
 11589 | D:10     | Entered Level 10 of the Dungeon
 11638 | D:10     | Reached **** piety under Dithmenos
 11903 | D:10     | Reached skill level 11 in Crossbows
 12459 | D:11     | Reached XP level 12. HP: 85/94 MP: 16/18
 13125 | D:11     | Found a staircase to the Lair.
 13482 | D:11     | Found a staircase to the Orcish Mines.
 13725 | D:12     | Noticed a two-headed ogre
 13732 | D:12     | Killed a two-headed ogre
 14231 | D:12     | Noticed a skeletal warrior
 14231 | D:12     | Noticed a skeletal warrior
 14231 | D:12     | Noticed a skeletal warrior
 14287 | D:12     | Noticed a two-headed ogre
 14383 | Lair:1   | Entered Level 1 of the Lair of Beasts
 14550 | Lair:1   | Reached skill level 12 in Crossbows
 14829 | Lair:1   | Reached ***** piety under Dithmenos
 14881 | Lair:1   | Reached XP level 13. HP: 102/102 MP: 19/19
 15122 | Lair:1   | Noticed a seven-headed hydra
 15135 | Lair:1   | Killed a seven-headed hydra
 16450 | Lair:2   | Reached skill level 10 in Fighting
 16491 | Lair:2   | Reached skill level 10 in Shields
 16500 | Lair:2   | Found a hole to the Spider Nest.
 16815 | Lair:2   | Reached skill level 10 in Invocations
 17819 | Lair:3   | Reached skill level 13 in Crossbows
 18855 | Lair:4   | Noticed Rupert
 18990 | Lair:3   | Gained mutation: You occasionally shout uncontrollably at your foes. [potion of mutation]
 18990 | Lair:3   | Gained mutation: Your spells are a little harder to cast, but a little more powerful. [potion of mutation]
 18990 | Lair:3   | Gained mutation: Your spells are harder to cast, but more powerful. [potion of mutation]
 19005 | Lair:4   | Slain by Rupert

Skill      XL: |  1  2  3  4  5  6  7  8  9 10 11 12 13 |
---------------+----------------------------------------+-----
Armour         | 1 2 3 4 5 6 7 8 9 |  9.7
Stealth        | 2 3 4 5 |  5.0
Dodging        | 2 3 |  3.0
Fighting       | 3 4 5 6 7 8 9 10 | 10.3
Crossbows      | 5 6 7 8 9 11 12 13 | 13.0
Invocations    | 1 2 4 6 8 9 10 | 10.2
Shields        | 1 3 5 6 8 9 10 | 10.5

Action                   |  1- 3 |  4- 6 |  7- 9 | 10-12 | 13-15 || total
-------------------------+-------+-------+-------+-------+-------++-------
Melee: Short sword       |   104 |    10 |       |       |       ||   114
       Quarterstaff      |       |    43 |       |       |       ||    43
       Spear             |       |     7 |   217 |       |       ||   224
       Battleaxe         |       |       |    11 |   706 |   243 ||   960
 Fire: Hand crossbow     |    21 |    39 |   101 |   205 |    55 ||   421
 Abil: Dig               |       |       |     4 |     6 |       ||    10
  Use: Scroll            |       |       |    12 |     9 |     1 ||    22
       Potion            |       |       |       |     6 |     3 ||     9
 Stab: Sleeping          |     1 |     1 |     6 |       |       ||     8
       Distracted        |       |     1 |       |       |       ||     1
       Invisible         |       |       |       |     1 |       ||     1
  Eat: Chunk             |     3 |     7 |    12 |    20 |     7 ||    49
       Fruit             |       |       |       |     6 |       ||     6
       Meat ration       |       |       |       |     3 |     1 ||     4
Armor: Leather armour    |    37 |    31 |   102 |    20 |       ||   190
       Chain mail        |       |       |       |   525 |   185 ||   710
       Scale mail        |       |       |       |    24 |       ||    24
Dodge: Dodged            |    76 |    41 |   111 |   399 |   114 ||   741
Block: Shield            |       |       |   112 |   593 |   201 ||   906
